 Dungeon Crawl Stone Soup version 0.27-a0-385-g3208abaabc (webtiles) character file.

Game seed: 3692508769677116150

938 dickylongcocking the Shield-Bearer (level 7, -14/58 HPs)
             Began as a Demigod Fighter on Feb 20, 2021.
             Killed from afar by a raiju (22 damage)
             ... with a living lightning
             ... on level 2 of the Abyss.
             The game lasted 00:03:16 (5314 turns).

dickylongcocking the Shield-Bearer (DgFi)           Turns: 5314, Time: 00:03:17

Health: -14/58     AC:  9    Str: 27    XL:     7   Next: 56%
Magic:  9/9        EV:  9    Int: 10    God:
Gold:   257        SH: 11    Dex: 17    Spells: 6/6 levels left

rFire    . . .     SeeInvis .   l - +0 war axe (vamp)
rCold    . . .     Faith    .   c - +0 kite shield
rNeg     . . .     Spirit   .   b - +0 scale mail
rPois    .         Reflect  .   (no helmet)
rElec    .         Harm     .   y - +0 cloak
rCorr    .         Rampage  .   z - +0 pair of gloves
Will     +....                  (no boots)
Stlth    ..........             (no amulet)
HPRegen  0.19/turn              r - ring of willpower
MPRegen  0.11/turn              p - +6 ring of strength

@: no status effects
A: high mp 1
a: no special abilities


You were on level 2 of the Abyss.
You visited 1 branch of the dungeon, and saw 5 of its levels.
You visited the Abyss 1 time.

You collected 257 gold pieces.

Inventory:

Hand Weapons
 a - a +0 war axe
 d - a +0 hand axe of distortion
 l - a +0 vampiric war axe (weapon)
 m - a +0 whip of venom
 t - a +0 shortbow
Missiles
 u - 65 arrows
Armour
 b - a +0 scale mail (worn)
 c - a +0 kite shield (worn)
 y - a +0 cloak (worn)
 z - a +0 pair of gloves (worn)
Jewellery
 f - a ring of wizardry
 p - a +6 ring of strength (right hand)
 r - a ring of willpower (left hand)
 v - a ring of protection from fire
Wands
 A - a wand of polymorph (5)
Scrolls
 e - 4 scrolls of teleportation
 i - 2 scrolls of amnesia
 k - 2 scrolls of enchant armour
 o - 2 scrolls of noise
 x - 2 scrolls of fear {unknown}
Potions
 g - a potion of flight {unknown}
 h - 2 potions of cancellation {unknown}
 j - a potion of attraction {unknown}
 n - 2 potions of curing
 q - a potion of invisibility {unknown}
 s - a potion of ambrosia {unknown}
 w - a potion of berserk rage {unknown}


   Skills:
 * Level 3.8 Fighting
 * Level 2.7(4.0) Axes
 - Level 4.5(4.9) Maces & Flails
 * Level 3.8 Armour
 + Level 1.5 Dodging
 + Level 5.4 Shields


You had 6 spell levels left.
You didn't know any spells.
Your spell library was empty.

Dungeon Overview and Level Annotations

Branches:
Dungeon (4/15)
 Temple: D:4-7


Innate Abilities, Weirdness & Mutations

You have an increased reservoir of magic. (+10% MP)


Message History

You open the door.
There is an open door here.
Okay, then.
As you open the door, it creaks loudly!
A raiju comes into view.
You hear a bark!
A raiju comes into view.
Unknown command.
You close the door.
The raiju bursts into living lightning!
The living lightning hits you!
The raiju blinks! x2
You closely miss the raiju. The raiju bites you but does no damage.
You block the raiju's attack.
A raiju comes into view.
The raiju barks!
Unknown command.
You closely miss the raiju.
The raiju bursts into living lightning!
The living lightning misses you.
The raiju blinks!
The raiju closely misses you.
Unknown command.
You miss the raiju. The raiju bites you. The raiju shocks you!
The raiju barely misses you.
Unknown command.
You closely miss the raiju. x2; The raiju barely misses you.
The raiju bursts into living lightning!
The living lightning hits you!!
* * * LOW HITPOINT WARNING * * *
The living lightning hits you!
* * * LOW HITPOINT WARNING * * *
The raiju blinks! x2; You block the raiju's attack.
It was a potion of curing.
You feel better. The raiju bites you.
* * * LOW HITPOINT WARNING * * *
The raiju shocks you!
* * * LOW HITPOINT WARNING * * *
The raiju bites you but does no damage. You block the raiju's attack.
The raiju bursts into living lightning!
The living lightning hits you!!
You die...

....... #.......#.
. .. .. #.......# .
### ####.......#..
#...##.#.h.....# #
##..#.#.......# #.#
......... ..### #.#
...ยง##+####...# .
. ..........hh.+
#.#......#.####h@.#
#.#.# ####.. ##...#
# .. # ###..#...#
#...# #.###...#
#...# ### #...#
...# ##.## #### #.#
#.#


You could see 3 raiju.

Vanquished Creatures
  An ice beast (D:7)
  A sky beast (D:3)
  An orc warrior (D:7)
  A wyvern zombie (D:7)
  A scorpion (D:4)
  A howler monkey (D:4)
  An orc priest (D:7)
  4 hounds
  A bullfrog skeleton (D:4)
  A centaur skeleton (D:4)
  3 orc wizards
  4 worker ants (D:4)
  5 adders
  An ooze (D:4)
  An adder skeleton (D:3)
  2 dart slugs (D:1)
  A leopard gecko (D:4)
  12 orcs
  8 bats
  3 giant cockroaches
  5 goblins
  10 hobgoblins
  2 jackals (D:7)
  6 kobolds
  A quokka (D:4)
  A ball python (D:4)
  3 frilled lizards
  6 rats
87 creatures vanquished.

Notes
Turn   | Place    | Note
-------+----------+-------------------------------------------
     0 | D:1      | dickylongcocking the Demigod Fighter began the quest for
                  | the Orb.
     0 | D:1      | Reached XP level 1. HP: 18/18 MP: 3/3
   271 | D:1      | Reached skill level 3 in Shields
   316 | D:1      | Reached XP level 2. HP: 19/25 MP: 4/4
   937 | D:2      | Reached XP level 3. HP: 19/30 MP: 5/5
   979 | D:2      | Reached skill level 1 in Maces & Flails
  1527 | D:2      | Found a faded altar of an unknown god.
  1540 | D:2      | Found a stormy altar of Qazlal.
  2249 | D:3      | Reached XP level 4. HP: 21/37 MP: 6/6
  2390 | D:3      | Found a white marble altar of Elyvilon.
  2771 | D:3      | Reached skill level 4 in Shields
  2940 | D:3      | Found a glowing golden altar of the Shining One.
  3252 | D:3      | Noticed a sky beast
  3264 | D:3      | Killed a sky beast
  3265 | D:3      | Reached XP level 5. HP: 18/42 MP: 7/7
  4089 | D:4      | Reached XP level 6. HP: 42/50 MP: 8/8
  4269 | D:4      | Reached skill level 5 in Shields
  4587 | D:4      | Found a blossoming altar of Fedhas.
  4948 | D:4      | You fall into a shaft and drop 3 floors!
  4966 | D:7      | Reached skill level 1 in Dodging
  4966 | D:7      | Reached XP level 7. HP: 36/57 MP: 9/9
  5105 | D:7      | Found a stormy altar of Qazlal.
  5237 | D:7      | Cast into level 2 of the Abyss (unwielding a weapon of
                  | distortion)
  5302 | Abyss:2  | Noticed a raiju
  5302 | Abyss:2  | Noticed a raiju
  5309 | Abyss:2  | Noticed a raiju
  5314 | Abyss:2  | Killed from afar by a raiju

Illustrated notes

Levels and vault maps discovered:
D:1:      kilobyte_arrival_exit_the_forest, layout_basic
D:2:      layout_basic, nicolae_overflow_crystal_walls,
          chequers_ecumenical_altar_twisty, kennysheep_generic_room_6
D:3:      layout_loops_ring, tso_altar, kennysheep_another_room,
          elyvilon_altar_3
D:4:      layout_rooms, kennysheep_mini, fountainhead
D:7:      layout_basic, amethyst_overflow_temple_binary, temple_statues,
          grunt_ogre_cave, grunt_qazlal_sundering
Abyss:2:  base:
D:7

Skill      XL: |  1  2  3  4  5  6 |
---------------+-------------------+-----
Axes           | 2 |  2.7
Shields        | 3 4 5 |  5.4
Maces & Flails | 1 3 4 |  4.5
Fighting       | 3 |  3.8
Armour         | 3 |  3.8
Dodging        | 1 |  1.5

Action                   |  1- 3 |  4- 6 |  7- 9 || total
-------------------------+-------+-------+-------++-------
Melee: War axe           |    34 |       |     4 ||    38
       Whip              |    91 |   164 |    25 ||   280
       Hand axe          |       |       |    21 ||    21
  Use: Potion            |       |     1 |     1 ||     2
       Scroll            |       |       |     4 ||     4
Armor: Scale mail        |    68 |    52 |    15 ||   135
Dodge: Dodged            |    33 |    32 |    16 ||    81
Block: Kite shield       |    72 |    93 |    33 ||   198

Table legend: (Time is in decaauts)
 A = Elapsed time spent in this place.
 B = Non-inter-level travel time spent in this place.
 C = Inter-level travel time spent in this place.
 D = Time resting spent in this place.
 E = Time spent auto-exploring this place.
 F = Levels seen in this place.
 G = Mean time per level.
                   A        B        C        D        E       F      G
               +--------+--------+--------+--------+--------+-----+--------+
         Total |   5394 |   5214 |    180 |    344 |   4089 |   6 |  899.0 |
       Dungeon |   5315 |   5135 |    180 |    344 |   4063 |   5 | 1063.0 |
         Abyss |     78 |     78 |      0 |      0 |     26 |   1 |   78.0 |
               +--------+--------+--------+--------+--------+-----+--------+

Top non-repeatable levels by time:
     D:3: 1640 daAuts
     D:2: 1350 daAuts
     D:4: 1090 daAuts
     D:1: 938 daAuts
     D:7: 295 daAuts
 Abyss:2: 78 daAuts
